 Dungeon Sprint DCSS version 0.27-a0-34-gc18c9092ac (webtiles) character file.

Game seed: 9544405027622682838

119 reriks the Covered (level 5, 0/32 (35) HPs)
             Began as a Gargoyle Berserker on Jan 4, 2021.
             Was a Priest of Trog.
             Slain by a deep elf mage
             ... wielding a +0 long sword of holy wrath
              (3 damage)
             ... in the Dungeon (Sprint III: "The Ten Rune Challenge").
             The game lasted 00:01:08 (726 turns).

reriks the Covered (Gargoyle Berserker)              Turns: 726, Time: 00:01:09

HP:   0/32 (35)     AC:  6    Str: 21      XL:     5   Next: 3%
MP:   5/5           EV: 13    Int:  8      God:    Trog [***...]
Gold: 13            SH:  0    Dex:  8 (9)  Spells: 4/4 levels left

rFire    . . .     SeeInvis .   a - +0 mace
rCold    . . .     Faith    .   (no shield)
rNeg     + . .     Spirit   .   b - +0 animal skin
rPois    ∞         Reflect  .   (no helmet)
rElec    +         Harm     .   (no cloak)
rCorr    .         Rampage  .   (no gloves)
Will     .....     NoTele   +   (no boots)
Stlth    +.........             (no amulet)
HPRegen  0.10/turn              (no ring)
MPRegen  0.09/turn              (no ring)

@: weakened, flying, hasted, drained, very quick
A: negative energy resistance 1, electricity resistance, unbreathing,
petrification resistance, miasma immunity, AC +4
a: Renounce Religion, Berserk, Trog's Hand


You were in the Dungeon.
You worshipped Trog.
Trog was most pleased with you.
You visited 1 branch You collected 13 gold pieces.

Inventory:

Hand Weapons
 a - a +0 mace (weapon)
Armour
 b - a +0 animal skin (worn)
Scrolls
 h - a scroll of blinking
 i - 3 scrolls of identify
 l - 2 scrolls of torment {unknown}
 m - a scroll of random uselessness {unknown}
 n - 3 scrolls of remove curse
 o - a scroll of immolation {unknown}
Potions
 f - 2 potions of magic
 g - a potion of berserk rage
 j - a potion of cancellation {unknown}
 k - 3 potions of mutation {unknown}
 p - a potion of flight


   Skills:
 + Level 5.2 Fighting
 * Level 6.2 Maces & Flails
 * Level 6.4 Armour
 + Level 3.4 Dodging


You had 4 spell levels left.
You didn't know any spells.
Your spell library was empty.

Dungeon Overview and Level Annotations

Branches:
Dungeon (1/1)

Altars:
Elyvilon
Zin
The Shining One


Innate Abilities, Weirdness & Mutations

You are resistant to torment.
Your stone body is resilient. (AC +4)
You are immune to poison.
You resist negative energy. (rN+)
You are resistant to electric shocks. (rElec)
You can survive without breathing.
You are immune to petrification.
You are immune to miasma.


Message History

The deep elf mage closely misses you.
You closely miss the deep elf mage.
The deep elf mage is severely wounded.
You hit the deep elf mage.
The deep elf mage is severely wounded.
The deep elf mage hits you with a +0 long sword of holy wrath!
* * * LOW HITPOINT WARNING * * *
You are too injured to fight recklessly!
You are too injured to fight recklessly!
You are too injured to fight recklessly!
You are too injured to fight recklessly!
You are too injured to fight recklessly!
You are too injured to fight recklessly!
Okay, then.
Okay, then.
Unknown command.
You hit the deep elf mage but do no damage.
The deep elf mage is severely wounded.
The deep elf mage hits you with a +0 long sword of holy wrath.
You die...

▓▓▓▓▓▓▓▓ ▓▓▓ .'...♣.♣
♣.##### .#.....♣♣
♣♣.#___# ##......♣
♣..#...#
.#....≈.♣♣♣♣.###@#+###+#
.#...≈≈♣♣.♣..#...e......
.#..≈≈≈≈.♣.♣.'.⌠........
'#..≈≈≈≈≈≈...#...######+
[#.≈≈≈≈≈≈....#.⌠.#
.#.≈≈≈≈≈.....#...#
.#.≈≈≈.......#+###
##...........#
.............#


You could see a deep elf mage.

Vanquished Creatures
  A water elemental (D)
  Jessica (D)
  A human (D)
  A wolf (D)
  An ooze (D)
  2 rats (D)
7 creatures vanquished.

Notes
Turn   | Place    | Note
-------+----------+-------------------------------------------
     0 | D        | reriks the Gargoyle Berserker began the quest for the Orb.
     0 | D        | Reached XP level 1. HP: 14/14 MP: 1/1
    47 | D        | Noticed Jessica
    57 | D        | Killed Jessica
    57 | D        | Reached ** piety under Trog
    58 | D        | Reached XP level 2. HP: 12/20 MP: 2/2
    58 | D        | Reached XP level 3. HP: 14/24 MP: 3/3
   222 | D        | Reached skill level 5 in Maces & Flails
   406 | D        | Reached *** piety under Trog
   407 | D        | Reached skill level 5 in Armour
   407 | D        | Reached XP level 4. HP: 18/30 MP: 4/4
   627 | D        | Noticed a water elemental
   631 | D        | Killed a water elemental
   632 | D        | Reached skill level 5 in Fighting
   632 | D        | Reached XP level 5. HP: 35/35 MP: 5/5
   689 | D        | Found a glowing silver altar of Zin.
   690 | D        | Found a glowing golden altar of the Shining One.
   690 | D        | Found a white marble altar of Elyvilon.
   690 | D        | Noticed a deep elf mage
   692 | D        | Noticed an orange demon
   698 | D        | Noticed a neqoxec
   726 | D        | Slain by a deep elf mage

Illustrated notes

Levels and vault maps discovered:
D:        dungeon_sprint_mu [sprint_mu_entry_forest, sprint_mu_temple_rooms,
          sprint_mu_d1_horrors, sprint_mu_d2_genie, sprint_mu_d3_branching,
          sprint_mu_orc_legion, sprint_mu_elf_gauntlet, sprint_mu_hive_nellie,
          sprint_mu_lair_fedhas, sprint_mu_vaults_butterflies,
          sprint_mu_slime_circle, sprint_mu_shoals_archi,
          sprint_mu_snake_twists, sprint_mu_blade_basic,
          sprint_mu_crypt_fortress, sprint_mu_tomb_spiral,
          sprint_mu_vestibule_basic, sprint_mu_gehenna_hellfire,
          sprint_mu_dis_giant, sprint_mu_tartarus_statrot,
          sprint_mu_cocytus_islands, sprint_mu_zot1]

Skill      XL: |  1  2  3  4 |
---------------+-------------+-----
Armour         | 4 5 6 |  6.4
Fighting       | 4 5 |  5.2
Maces & Flails | 4 5 6 |  6.2
Dodging        | 2 3 |  3.4

Action                   |  1- 3 |  4- 6 || total
-------------------------+-------+-------++-------
Melee: Mace              |    35 |    28 ||    63
Invok: Berserk           |     2 |     2 ||     4
  Use: Potion            |       |     6 ||     6
Armor: Animal skin       |     8 |    26 ||    34
Dodge: Dodged            |    25 |    40 ||    65

Table legend: (Time is in decaauts)
 A = Elapsed time spent in this place.
 B = Non-inter-level travel time spent in this place.
 C = Inter-level travel time spent in this place.
 D = Time resting spent in this place.
 E = Time spent auto-exploring this place.
 F = Levels seen in this place.
 G = Mean time per level.
                   A        B        C        D        E       F      G
               +--------+--------+--------+--------+--------+-----+--------+
         Total |    757 |    757 |      0 |    561 |     19 |   1 |  757.0 |
       Dungeon |    757 |    757 |      0 |    561 |     19 |   1 |  757.0 |
               +--------+--------+--------+--------+--------+-----+--------+

Top non-repeatable levels by time:
       D: 757 daAuts
